 Seeded DCSS version 0.30.1-4-g462c640d31 (webtiles) character file.

Game seed: 6351066067085065685 (custom seed)

18 Esekla the Grave Robber (level 2, 0/15 HPs)
             Began as a Deep Elf Necromancer on Aug 11, 2023.
             Was an Initiate of Vehumet.
             Frozen to death by an endoplasm (4 damage)
             ... on level 1 of the Dungeon.
             The game lasted 00:06:16 (950 turns).

Esekla the Grave Robber (Deep Elf Necromancer)       Turns: 950, Time: 00:06:16

Health: 0/15       AC:  4    Str:  5    XL:     2   Next: 51%
Magic:  8/8        EV: 13    Int: 19    God:    Vehumet [......]
Gold:   88         SH:  0    Dex: 18    Spells: 6/7 levels left

rFire   . . .        m - +5 rapier of the Hero {heavy, rN+ Dex+3}
rCold   . . .        (no shield)
rNeg    + . .        a - +0 robe
rPois   .            k - +0 helmet
rElec   .            (no cloak)
rCorr   .            i - +0 pair of gloves
SInv    .            (no boots)
Will    .....        (no amulet)
Stlth   ++           (no ring)
HPRegen 0.22/turn    (no ring)
MPRegen 0.11/turn

%: no passive effects
@: no status effects
A: no striking features
a: Renounce Religion


You were on level 1 of the Dungeon.
You worshipped Vehumet.
Vehumet was noncommittal.
You visited 1 branch of the dungeon, and saw 4 of its levels.

You collected 88 gold pieces.

Inventory:

Hand Weapons
 m - the +5 rapier of the Hero (weapon) {heavy, rN+ Dex+3}
   (You found it on level 3 of the Dungeon)

   Dex:       It affects your dexterity (+3).
   rN:        It protects you from negative energy.
Armour
 a - a +0 robe (worn)
 i - a +0 pair of gloves (worn)
 k - a +0 helmet (worn)
Wands
 c - a wand of roots (8)
Scrolls
 e - a scroll of fear {unknown}
 l - a scroll of immolation {unknown}
Potions
 b - a potion of magic
 d - a potion of ambrosia {unknown}
 f - 2 potions of attraction {unknown}
 g - a potion of haste {unknown}
 h - 2 potions of curing {unknown}
 j - a potion of mutation {unknown}


   Skills:
 + Level 0.1 Short Blades
 * Level 2.8 Dodging
 + Level 2.7 Stealth
 * Level 3.2 Spellcasting
 + Level 5.2 Necromancy


You had 6 spell levels left.
You knew the following spells:

 Your Spells              Type           Power      Damage    Failure   Level
a - Necrotise             Necr           92%        1d8       1%          1

Your spell library contained the following spells:

 Spells                   Type           Power      Damage    Failure   Level
 Vampiric Draining        Necr           23%        2d7       5%          3
 Animate Dead             Necr           23%        N/A       17%         4
 Agony                    Necr           23%        N/A       43%         5


Dungeon Overview and Level Annotations

Branches:
Dungeon (4/15)
 Temple: D:4-7

Altars:
Okawaru
Vehumet
Zin

Shops:
D:2 =


Message History

The ball python bites you but does no damage.
The ball python constricts you. The ball python barely misses you.
The ball python constricts you.
The endoplasm quivers.
You puncture the ball python!
You kill the ball python!
Vehumet accepts your kill.
The frilled lizard bites you but does no damage.
The frilled lizard bites you.
Found 2 fuming purple potions.
The frilled lizard attacks as you move away!
The frilled lizard closely misses you.
The kobold throws a stone.
The stone hits you but does no damage.
The frilled lizard attacks as you move away!
The frilled lizard closely misses you. The goblin attacks as you move away!
The goblin closely misses you.
You barely miss the frilled lizard. The frilled lizard closely misses you.
The goblin misses you. The frilled lizard closely misses you.
The goblin hits you with a +0 club.
You miss the frilled lizard. The frilled lizard closely misses you.
The goblin hits you with a +0 club. The frilled lizard closely misses you.
The goblin completely misses you.
You hit the frilled lizard.
You kill the frilled lizard!
Vehumet accepts your kill. The goblin hits you but does no damage.
You puncture the kobold!
You kill the kobold!
Vehumet accepts your kill. The goblin hits you but does no damage.
The goblin barely misses you. The endoplasm freezes you.
You are frozen.
You hit the goblin.
The goblin is heavily wounded.
The endoplasm hits you but does no damage.
The goblin hits you but does no damage. The goblin hits you with a +0 club.
* * * LOW HITPOINT WARNING * * *
The endoplasm freezes you.
You are frozen.
You die...

#.####..... #.#
#≈.≈## ##.##
#≈⌠≈#.
#...###≈≈≈#.
###...#####.
###.# #### #####
#†###..# #....
##### #..##.<'
#....###@..#
##.#####
#..#...gJ#.# ###
#.....#....##
#..#.....#..##
#..............
#....>..........
#....#..........
#..$.#..........
#....#.#........


You could see an endoplasm and a goblin.

Vanquished Creatures
  4 ball pythons (D:1)
  A bat (D:1)
  An endoplasm (D:1)
  2 goblins (D:2)
  2 hobgoblins (D:3)
  2 frilled lizards (D:1)
  4 kobolds
  A rat (D:2)
17 creatures vanquished.

Notes
Turn   | Place    | Note
-------+----------+-------------------------------------------
     0 | D:1      | Esekla the Deep Elf Necromancer began the quest for the
                  | Orb.
     0 | D:1      | Reached XP level 1. HP: 10/10 MP: 6/6
   172 | D:1      | Reached skill level 5 in Necromancy
   216 | D:1      | Reached XP level 2. HP: 4/15 MP: 8/8
   444 | D:4      | Found an iron altar of Okawaru.
   506 | D:4      | Found a glowing silver altar of Zin.
   524 | D:4      | Found a radiant altar of Vehumet.
   528 | D:4      | Became a worshipper of Vehumet
   741 | D:3      | Identified the +5 rapier of the Hero {heavy, rN+ Dex+3}
   848 | D:2      | Found Renulab's Jewellery Shop.
   917 | D:2      | Noticed a black bear
   950 | D:1      | Frozen to death by an endoplasm

Illustrated notes

Levels and vault maps discovered:
D:1:      sevenhm_arrival_forest_fort_small_3, layout_rooms,
          chequers_serial_rivers_room_b, minmay_misc_feat_five
D:2:      layout_loops_ring, dreamdust_ecumenical_altar_angels_and_demons,
          serial_shops, shop
D:3:      layout_basic, grunt_temple_overflow_open, minmay_misc_feat_iff
D:4:      layout_basic, nicolae_overflow_quartered_altars, serial_shops,
          nicolae_diamond_shop

Skill      XL: |  1 |
---------------+----+-----
Necromancy     | 5 |  5.2
Short Blades   | |  0.1
Dodging        | |  2.8
Stealth        | |  2.7
Spellcasting   | |  3.2

Action                     || total
---------------------------++-------
  Melee: Short sword       ||    34
         Unarmed           ||     9
         Rapier            ||    13
   Stab: Sleeping          ||     3
 Armour: Robe              ||    16
  Dodge: Dodged            ||    39
